 Dungeon Crawl Stone Soup version 0.15.2 (webtiles) character file.

46 NTAmi the Chiller (level 3, -2/26 HPs)
             Began as a Ghoul Ice Elementalist on Feb 23, 2015.
             Slain by a worm (11 damage)
             ... on Level 2 of the Dungeon on Feb 24, 2015.
             The game lasted 00:17:50 (1894 turns).

NTAmi the Chiller (Ghoul Ice Elementalist)          Turns: 1894, Time: 00:17:50

HP  -2/26        AC  2     Str 11      XL: 3   Next: 68%
MP   0/6         EV 12     Int 11      God:
Gold 115         SH  0     Dex  9      Spells:  2 memorised,  4 levels left

rFire  . . .     SeeInvis .     l - +1 club
rCold  + . .     Clarity  .     a - +0 robe
rNeg   + + +     rCorr    .     (no shield)
rPois  +         rRot     +     (no helmet)
rElec  .         Spirit   .     (no cloak)
SustAb .         Warding  .     (no gloves)
rMut   .         Stasis   .     (no boots)
Saprov + + +                    (no amulet)
MR     .....                    (no ring)
                                (no ring)

@: very slightly contaminated, rotting, not resistant to hostile enchantments,
unstealthy
A: rotting body, claws 1, carnivore 3, cold resistance 1, negative energy
resistance 3, poison resistance, saprovore 3, slow healing 1, torment
resistance, unbreathing
a: no special abilities


You were on level 2 of the Dungeon.
You were not hungry.

You visited 1 branch of the dungeon, and saw 2 of its levels.

You collected 115 gold pieces.

Inventory:

Hand weapons
 d - a +0 short sword
 e - a +0 hand axe
 f - a +0 hand axe
 g - a +0 short sword
 j - a +0 spear
 l - a +1 club (weapon)
 m - a +0 spear
 o - a cursed -2 club
 p - a +0 whip
 q - a +0 short sword
 r - a +0 club
 s - a +0 club
 t - a +0 club
 u - a +0 whip
 v - a cursed +0 club
 w - a +0 club
 C - a +0 club
Missiles
 c - 104 stones (quivered)
 h - 14 arrows
 D - 8 arrows of flame
Armour
 a - a +0 robe (worn)
 E - a +0 leather armour
 F - a +0 leather armour
Comestibles
 n - a royal jelly
 A - a meat ration
Scrolls
 x - a scroll of teleportation {unknown}
 y - a scroll of immolation
 z - a scroll of enchant armour {unknown}
 B - a scroll of identify
Potions
 i - a potion of curing {unknown}
 k - a potion of confusion {unknown}
Books
 b - a book of Frost

   Spells                             Type                      Level
   *Freeze                            Ice                          1
   *Throw Frost                       Conjuration/Ice              2
   Ozocubu's Armour                   Charms/Ice                   3
   Throw Icicle                       Conjuration/Ice              4
   Summon Ice Beast                   Ice/Summoning                4
   Condensation Shield                Ice                          4


   Skills:
 + Level 0.1 Throwing
 + Level 2.4 Dodging
 + Level 2.3 Stealth
 + Level 2.6 Spellcasting
 * Level 1.1 Conjurations
 - Level 3.2 Ice Magic


You had 4 spell levels left.
You knew the following spells:

 Your Spells              Type           Power        Failure   Level  Hunger
a - Freeze                Ice            #...         10%         1    ##.....
b - Throw Frost           Conj/Ice       #.....       21%         2    ###....


Dungeon Overview and Level Annotations

Branches:
Dungeon (2/15)

Altars:


Innate Abilities, Weirdness & Mutations

Your body is rotting away.
You have sharp fingernails.
You are carnivorous and can eat meat at any time.
Your flesh is cold resistant.
You are immune to negative energy.
Your system is resistant to poisons.
You thrive on rotten meat.
You heal slowly when monsters are visible.
You are immune to unholy pain and torment.
You can survive without breathing.


Message History

You hit the worm.
The worm is almost dead.
You barely miss the worm.
The worm is almost dead.
The worm closely misses you.
You barely miss the worm.
The worm is almost dead.
The worm bites you.
You hit the worm.
The worm is almost dead.
The worm bites you!
You hit the worm but do no damage.
The worm is almost dead.
Casting: Freeze
Confirm with . or Enter, or press ? or * to list all spells.
Aiming: Freeze
Press: ? - help, Shift-Dir - straight line, f/p - worm
Aim: a worm (almost dead)
You miscast Freeze.
Nothing appears to happen.
The worm bites you!
You die...

#.###.# #....#.##...#
#...#.# ####.#.....##
###.#.# #.##.....# #.#.#
#..#.#...# #.#.# ##....#...#
.######.#.#######....##...#
..............>....##.##...#
.#######...#########..#.#%.
##.@...# ##...... #w###.###
###.#.. #(# #...#####......
.(# ###....##....## #..#
####.##...... ...)
#......... ..... ##........
.... #........ . .........##


You could see a worm.

Vanquished Creatures
  A worm (D:2)
  A giant gecko (D:1)
  3 bats
  4 giant cockroaches
  5 goblins
  6 hobgoblins
  2 jackals (D:1)
  5 kobolds (D:1)
  2 quokkas (D:2)
  A ball python (D:2)
  2 giant newts (D:1)
  A rat (D:1)
33 creatures vanquished.

Notes
Turn   | Place    | Note
--------------------------------------------------------------
     0 | D:1      | NTAmi, the Ghoul Ice Elementalist, began the quest for the Orb.
     0 | D:1      | Reached XP level 1. HP: 14/14 MP: 2/2
   480 | D:1      | Reached XP level 2. HP: 13/19 MP: 1/4
   919 | D:1      | Learned a level 2 spell: Throw Frost
  1114 | D:1      | Reached XP level 3. HP: 24/26 MP: 1/6
  1262 | D:1      | Reached skill level 1 in Conjurations
  1894 | D:2      | Slain by a worm

Action                   || total
-------------------------++-------
Melee: Short sword       ||    17
       Club              ||    47
Throw: Stone             ||    41
 Cast: Freeze            ||    51
       Throw Frost       ||    11
  Use: Scroll            ||     2
 Stab: Sleeping          ||     1
  Eat: Chunk             ||    18
